 Dungeon Crawl Stone Soup version bcrawl-1.21.3 (webtiles) character file.

Game seed: 12529141857462177274

65785 funkygono the Devastator (level 15, -5/85 HPs)
             Began as a Fairy Conjurer on Apr 4, 2020.
             Was a High Priest of Sif Muna.
             Slain by a catoblepas (9 damage)
             ... while petrified by you
             ... on level 6 of the Lair of Beasts on Apr 5, 2020.
             The game lasted 01:12:57 (22291 turns).

funkygono the Devastator (Fairy Conjurer)          Turns: 22291, Time: 01:12:57

Health: -5/85      AC: 13    Str:  6    XL:     15   Next: 17%
Magic:  36/38      EV:  3    Int: 26    God:    Sif Muna [*****.]
Gold:   1439       SH:  0    Dex: 12    Spells: 14/48 levels left

rFire    . . .     SeeInvis .   A - +4 dagger (freeze)
rCold    . . .     Gourm    .   D - +2 buckler
rNeg     + + +     Faith    .   (armour unavailable)
rPois    ∞         Spirit   .   i - +1 hat
rElec    .         Reflect  .   a - +1 cloak
rCorr    .         Harm     .   (no gloves)
MR       +....                  j - +1 pair of boots
Stlth    +.........             v - amulet of rage
HPRegen  0.24/turn              q - ring of poison resistance
MPRegen  0.26/turn              (no ring)

@: petrified, flying evasively
A: small, magic attunement, unstealthy, unfitting armour, able to fly, AC/SH +8
a: Stop Flying, Divine Energy, Channel Magic, Forget Spell, Renounce Religion,
Evoke Berserk Rage


You were on level 6 of the Lair of Beasts.
You worshipped Sif Muna.
Sif Muna was extremely pleased with you.
You were not hungry.

You visited 4 branches of the dungeon, and saw 18 of its levels.
You also visited: Ossuary.

You collected 1439 gold pieces.

Inventory:

Hand Weapons
 p - the +8 whip "Snakebite" {curare, rPois}
   (You found it on level 5 of the Lair of Beasts)

   It poisons the flesh of those it strikes.
   It protects you from poison.
 A - a +4 dagger of freezing (weapon)
Missiles
 c - 3197 stones (quivered)
Armour
 a - a +1 cloak (worn)
 i - a +1 hat (worn)
 j - a +1 pair of boots (worn)
 r - a scarf of spirit shield
 D - a +2 buckler (worn)
Jewellery
 q - a ring of poison resistance (left hand)
 v - an amulet of rage (around neck)
Wands
 f - a wand of digging (8)
 o - a wand of enslavement (9)
 y - a wand of polymorph (6)
 F - a wand of iceblast (9)
Scrolls
 l - 11 scrolls of teleportation
 m - 8 scrolls of fog
 n - 13 scrolls of remove curse
 t - 5 scrolls of amnesia
 u - 10 scrolls of magic mapping
 C - a scroll of immolation
 G - a scroll of fear
Potions
 d - 9 potions of curing
 g - a potion of brilliance {unknown}
 h - 2 potions of heal wounds
 k - a potion of cancellation
 s - 5 potions of degeneration {unknown}
 w - 5 potions of might
 x - a potion of lignification {unknown}
 z - 2 potions of flight {unknown}
 B - 3 potions of agility
 E - a potion of ambrosia {unknown}
 H - a potion of mutation
 J - a potion of haste {unknown}
Comestibles
 e - 31 rations {!d}
 I - 5 chunks of flesh


   Skills:
 + Level 2.2 Fighting
 + Level 1.0 Short Blades
 + Level 11.1 Dodging
 + Level 4.2 Stealth
 + Level 10.3 Shields
 + Level 17.2 Spellcasting
 + Level 17.4 Conjurations
 + Level 8.8 Fire Magic
 + Level 5.4 Ice Magic


You had 14 spell levels left.
You knew the following spells:

 Your Spells              Type           Power        Failure   Level  Hunger
a - Magic Dart            Conj           ####         0%          1    None
b - Searing Ray           Conj           #######.     0%          2    None
c - Iskenderun's Mystic   Conj           #######.     0%          3    None
d - Stone Arrow           Conj/Erth      ######       1%          3    None
e - Fireball              Conj/Fire      ######....   1%          5    None
f - Bolt of Magma         Conj/Fire/Erth ######....   1%          5    None
g - Bolt of Fire          Conj/Fire      ######....   1%          6    None
h - Bolt of Cold          Conj/Ice       ######....   3%          6    None
i - Mephitic Cloud        Conj/Pois/Air  ######..     1%          3    None

Your spell library contained the following spells:

 Spells                   Type           Power        Failure   Level  Hunger
 Flame Tongue             Conj/Fire      #####        0%          1    None
 Shock                    Conj/Air       #####        1%          1    None
 Flaming Arrows           Chrm/Fire      #####...     1%          2    None
 Conjure Flame            Conj/Fire      ######..     1%          3    None
 Dazzling Spray           Conj/Hex       ######       1%          3    None
 Inner Flame              Hex/Fire       N/A          1%          3    None
 Fulminant Prism          Conj/Hex       ######....   1%          4    None
 Sticky Flame             Conj/Fire      ######..     1%          4    None
 Throw Icicle             Conj/Ice       ######..     1%          4    None
 Irradiate                Conj/Tmut      ######....   1%          5    None
 Lightning Bolt           Conj/Air       ######....   1%          5    None
 Apportation              Tloc           ###...       2%          1    None
 Corona                   Hex            ###....      2%          1    None
 Summon Small Mammal      Summ           ###.         2%          1    None
 Blink                    Tloc           N/A          3%          2    None
 Call Imp                 Summ           ###...       3%          2    None
 Sticks to Snakes         Tmut           ###.....     3%          2    None
 Swiftness                Chrm/Air       ###.....     3%          2    None
 Call Canine Familiar     Summ           ###.....     7%          3    None
 Confuse                  Hex            ###.....     7%          3    None
 Spectral Weapon          Hex/Chrm       ###.....     7%          3    None
 Tukima's Dance           Hex            ###.....     7%          3    None
 Summon Ice Beast         Ice/Summ       #####...     7%          4    None
 Conjure Ball Lightning   Conj/Air       ######....   10%         6    None
 Poison Arrow             Conj/Pois      ######....   10%         6    None
 Icicle Burst             Conj/Ice       ######....   17%         7    None
 Metabolic Englaciation   Hex/Ice        #####.....   21%         5    None
 Petrify                  Tmut/Erth      ###.....     22%         4    None
 Summon Scorpions         Summ/Pois      ###.....     22%         4    None
 Tree Form                Hex/Tmut       N/A          22%         4    None
 Yara's Violent Unravell  Hex/Tmut       ###.......   22%         4    None
 Mana Rupture             Conj/Hex       ######....   45%         7    None
 Spellforged Servitor     Conj/Summ      ######....   45%         7    None
 Steam Barrier            Chrm/Fire      #####.....   47%         6    None
 Silence                  Hex/Air        ###.......   52%         5    None
 Summon Forest            Summ/Tloc      ###.......   52%         5    None
 Summon Lightning Spire   Summ/Air       ###.....     52%         5    None
 Darkness                 Hex            ###.......   98%         6    None
 Deflect Missiles         Chrm/Air       ###.......   98%         6    None
 Dispersal                Tloc           ###.......   98%         6    None
 Invisibility             Hex            ###.....     98%         6    None
 Ignition                 Fire           ######....   98%         8    None
 Lehudib's Crystal Spear  Conj/Erth      ######....   99%         8    None
 Dragon Form              Tmut           ###....      100%        7    None
 Dragon's Call            Summ           ###.......   100%        9    None
 Tornado                  Air            ###.......   100%        9    None


Dungeon Overview and Level Annotations

Branches:
Dungeon (10/12)            Temple (1/1) D:5            Lair (6/6) D:7
 Shoals (0/3) Lair:4       Spider (0/3) Lair:2        Slime (0/5) Lair:5
    Orc (1/1) D:8             Elf (0/3) Orc

Altars:
Ashenzari
Cheibriados
Dithmenos
Elyvilon
Fedhas
Gozag
Hepliaklqana
Kikubaaqudgha
Lugonu
Makhleb
Nemelex Xobeh
Okawaru
Qazlal
Ru
Sif Muna
Trog
Uskayaw
Vehumet
Wu Jian
Xom
Yredelemnul
Zin
The Shining One
Jiyva

Shops:
D:8 !   Orc *(*[

Annotations:
D:7 2 runed doors
D:9 3 runed translucent doors, Lazarus1551's ghost, journeyman DgGl


Innate Abilities, Weirdness & Mutations

Your spells do not cause hunger and MP costs are reduced by 1.
Your bright wings attract enemies. (Stealth-)
You cannot fit into any form of body armour.
Your shimmering scales are hard and can block incoming attacks. (AC +8, SH +8)
You are small and have problems with some larger weapons.
You can fly continuously.


Message History

* * * LOW HITPOINT WARNING * * *
Casting: Iskenderun's Mystic Blast (safe; 0% risk of failure)
Confirm with . or Enter, or press ? or * to list all spells.
Okay, then.
You feel much better.
You are engulfed in calcifying dust.
The catoblepas breathes a plume of calcifying dust at you.
The blast of calcifying dust hits you. The catoblepas gores you!!
* * * LOW HITPOINT WARNING * * *
Your limbs are stiffening.
The catoblepas breathes a plume of calcifying dust at you.
The blast of calcifying dust hits you but does no damage.
Some of the chunks of flesh in your inventory have rotted away.
You have turned to stone.
You are engulfed in calcifying dust.
The catoblepas breathes a plume of calcifying dust at you.
The blast of calcifying dust hits you but does no damage.
You are engulfed in calcifying dust.
The catoblepas gores you!
* * * LOW HITPOINT WARNING * * *
You are engulfed in calcifying dust.
The catoblepas gores you!!
You die...

###### #######...P##
##P...@.....†## ###
##P.÷..Y....♣..##..###
##......#######....P..#
#.....### ###†...## ###
##...### ......÷§...#
..######..###
.#....§÷..##
#....##..## #....§.#.#
.....#÷..# ###.§.##.#
#.#..#..## ..Y# .#


You could see a catoblepas.

Vanquished Creatures
  An orc warlord (Orc)
  4 ogre magi (Orc)
  8 hydras
  A centaur warrior (D:7)
  A catoblepas (Lair:6)
  13 two-headed ogres
  7 death yaks (Lair:6)
  An orc high priest (D:8)
  A lindwurm (Lair:2)
  A cyclops (D:10)
  2 ugly things (D:10)
  An orc knight (Orc)
  A manticore (Lair:4)
  6 black mambas
  2 torpor snails (Lair:6)
  5 elephants (Lair:4)
  15 cane toads
  6 komodo dragons
  A rime drake (Lair:4)
  6 trolls
  A hornet (D:10)
  2 polar bears
  32 blink frogs
  3 hippogriffs
  A shadow (D:7)
  26 yaks
  3 wyverns
  5 basilisks
  3 wargs
  An acid dragon (Lair:5)
  12 crocodiles
  5 porcupines
  18 water moccasins
  20 orc warriors
  4 ice beasts
  A phantom (D:6)
  2 sky beasts (D:5)
  2 black bears (Lair:6)
  31 ogres
  12 wolves
  2 centaurs (D:7)
  5 big kobolds
  5 bullfrogs
  4 gnoll sergeants
  10 scorpions
  4 wights (D:8)
  4 electric eels
  2 crimson imps
  A bullfrog zombie (D:9)
  5 centaur zombies
  A jelly (D:9)
  5 gnoll shamans (D:3)
  8 hounds
  A human zombie (Ossuary)
  12 orc priests
  2 centaur skeletons
  12 orc wizards
  An iron imp (D:8)
  A bullfrog skeleton (D:4)
  3 iguanas
  7 worker ants
  5 hell rats (Lair:2)
  3 big kobold zombies (Ossuary)
  3 mummies (Ossuary)
  A worker ant zombie (D:10)
  42 gnolls
  8 adders
  5 river rats (Lair:2)
  2 scorpion zombies (Ossuary)
  An adder zombie (D:7)
  5 worms
  4 dart slugs
  5 leopard geckos
  57 orcs
  9 goblins
  7 hobgoblins
  26 jackals
  5 quokkas
  7 bats
  7 frilled lizards
  5 goblin zombies (Ossuary)
  19 kobolds
  A kobold zombie (Ossuary)
  5 orc zombies (Ossuary)
  A quokka skeleton (D:4)
  12 rats
  A bush (Lair:6)
  5 fungi
613 creatures vanquished.

Vanquished Creatures (others)
  A bush (Lair:6)
  11 fungi
  27 plants
39 creatures vanquished.

Grand Total: 652 creatures vanquished

Notes
Turn   | Place    | Note
-------+----------+-------------------------------------------
     0 | D:1      | funkygono the Fairy Conjurer began the quest for the Orb.
     0 | D:1      | Reached XP level 1. HP: 11/11 MP: 6/6
    51 | D:1      | Reached skill level 5 in Conjurations
   167 | D:1      | Reached XP level 2. HP: 17/17 MP: 7/7
   175 | D:1      | Learned a level 2 spell: Searing Ray
   370 | D:1      | Reached XP level 3. HP: 21/21 MP: 9/9
   376 | D:1      | Learned a level 3 spell: Iskenderun's Mystic Blast
  1433 | D:2      | Reached XP level 4. HP: 27/27 MP: 4/11
  2141 | D:3      | Noticed an ogre
  2148 | D:3      | Killed an ogre
  2148 | D:3      | Reached XP level 5. HP: 31/31 MP: 9/13
  2215 | D:3      | Found a corrupted altar of Lugonu.
  2359 | D:3      | Reached XP level 6. HP: 36/36 MP: 7/14
  2897 | D:3      | Reached skill level 5 in Spellcasting
  2986 | D:3      | Reached XP level 7. HP: 41/41 MP: 12/17
  3802 | D:4      | Reached XP level 8. HP: 29/46 MP: 20/20
  4188 | D:4      | Found a sand-covered staircase.
  4200 | Ossuary  | Entered an ossuary
  4433 | Ossuary  | Reached skill level 10 in Conjurations
  4962 | D:5      | Entered Level 5 of the Dungeon
  4967 | D:5      | Reached XP level 9. HP: 51/51 MP: 21/24
  5108 | D:5      | Found a staircase to the Ecumenical Temple.
  5121 | Temple   | Entered the Ecumenical Temple
  5147 | Temple   | Became a worshipper of Sif Muna the Loreminder
  5407 | D:5      | Noticed a troll
  5414 | D:5      | Killed a troll
  6104 | D:6      | Reached * piety under Sif Muna
  6104 | D:6      | Reached skill level 10 in Spellcasting
  6124 | D:6      | Identified Weohue's Papyrus of Lethal Malediction (Sif Muna
                  | gifted it to you on level 6 of the Dungeon)
  6124 | D:6      | Received a gift from Sif Muna
  6210 | D:6      | Found a hide-covered altar of Uskayaw.
  6607 | D:7      | Found a staircase to the Lair.
  6629 | D:7      | Reached skill level 5 in Dodging
  6870 | D:7      | Reached skill level 1 in Shields
  6911 | D:7      | Noticed a troll
  6918 | D:7      | Killed a troll
  6918 | D:7      | Reached XP level 10. HP: 53/57 MP: 19/26
  6977 | D:7      | Found a large runed door.
  6977 | D:7      | Found a large runed door.
  7002 | D:7      | Noticed a centaur warrior
  7013 | D:7      | Killed a centaur warrior
  7191 | D:7      | Found a large runed door.
  7191 | D:7      | Found a large runed door.
  8002 | D:8      | Found a snail-covered altar of Cheibriados.
  8133 | D:8      | Found a staircase to the Orcish Mines.
  8161 | D:8      | Reached ** piety under Sif Muna
  8372 | D:8      | Reached XP level 11. HP: 62/62 MP: 22/29
  8382 | D:8      | Identified Sif Muna's Handbook of Spatial Clay (Sif Muna
                  | gifted it to you on level 8 of the Dungeon)
  8382 | D:8      | Received a gift from Sif Muna
  8382 | D:8      | Reached skill level 5 in Shields
  8397 | D:8      | Learned a level 3 spell: Stone Arrow
  8682 | D:8      | Found Wackid's Distillery.
  8827 | Lair:1   | Entered Level 1 of the Lair of Beasts
 10108 | Lair:1   | Reached skill level 1 in Fighting
 10563 | Lair:2   | Found a hole to the Spider Nest.
 10574 | Lair:2   | Noticed a lindwurm
 10580 | Lair:2   | Killed a lindwurm
 10580 | Lair:2   | Received a gift from Sif Muna
 10647 | Lair:2   | Reached XP level 12. HP: 61/69 MP: 2/31
 10720 | Lair:2   | Reached *** piety under Sif Muna
 10875 | Lair:2   | Noticed a five-headed hydra
 10888 | Lair:2   | Killed a five-headed hydra
 11963 | Lair:3   | Learned a level 5 spell: Fireball
 11969 | Lair:3   | Learned a level 5 spell: Bolt of Magma
 11976 | Lair:3   | Learned a level 6 spell: Bolt of Fire
 12383 | Lair:3   | Reached **** piety under Sif Muna
 12383 | Lair:3   | Reached skill level 1 in Fire Magic
 12494 | Lair:4   | Identified Sif Muna's Volume of Patterns (Sif Muna gifted
                  | it to you on level 4 of the Lair of Beasts)
 12494 | Lair:4   | Received a gift from Sif Muna
 12494 | Lair:4   | Reached skill level 15 in Conjurations
 12527 | Lair:4   | Learned a level 6 spell: Bolt of Cold
 12657 | Lair:4   | Noticed a seven-headed hydra
 12663 | Lair:4   | Killed a seven-headed hydra
 12685 | Lair:4   | Reached skill level 15 in Spellcasting
 12749 | Lair:4   | Reached XP level 13. HP: 47/73 MP: 17/34
 13054 | Lair:4   | Found a staircase to the Shoals.
 14076 | Lair:5   | Reached skill level 5 in Fire Magic
 14263 | Lair:5   | Reached skill level 10 in Dodging
 14450 | Lair:5   | Identified Sif Muna's Almanac of the Floating Volcanoes
                  | (Sif Muna gifted it to you on level 5 of the Lair of
                  | Beasts)
 14450 | Lair:5   | Received a gift from Sif Muna
 14580 | Lair:5   | Learned a level 3 spell: Mephitic Cloud
 14932 | Lair:5   | Found the +8 whip "Snakebite" {curare, rPois}
 15195 | Lair:5   | Found a viscous altar of Jiyva.
 15195 | Lair:5   | Found a staircase to the Slime Pits.
 15529 | Orc      | Entered the Orcish Mines
 15541 | Orc      | Reached skill level 1 in Ice Magic
 15818 | D:8      | Reached ***** piety under Sif Muna
 16311 | Orc      | Noticed an orc warlord
 16325 | Orc      | Killed an orc warlord
 16567 | Orc      | Noticed an ogre mage
 16570 | Orc      | Noticed an ogre mage
 16570 | Orc      | Noticed an ogre mage
 16588 | Orc      | Found Igink's General Store.
 16588 | Orc      | Found Rawacsoc's General Store.
 16589 | Orc      | Found Jennuq's Antique Weapon Shoppe.
 16589 | Orc      | Found Heduifys's Antique Armour Boutique.
 16662 | Orc      | Paralysed by an ogre mage for 3 turns
 16666 | Orc      | Killed an ogre mage
 16666 | Orc      | Identified Jehom's Disquisition on Bewitching Battle Magic
                  | (Sif Muna gifted it to you in the Orcish Mines)
 16666 | Orc      | Received a gift from Sif Muna
 16687 | Orc      | Reached XP level 14. HP: 78/80 MP: 9/36
 17400 | Orc      | Found a staircase to the Elven Halls.
 18377 | D:9      | Found a runed translucent gate.
 18377 | D:9      | Found a runed translucent gate.
 18377 | D:9      | Found a runed translucent gate.
 18378 | D:9      | Found an opulent altar of Gozag.
 18379 | D:9      | Noticed a storm dragon
 18380 | D:9      | Noticed Lazarus1551's ghost (journeyman DgGl)
 18855 | D:10     | Entered Level 10 of the Dungeon
 18975 | D:10     | Received a gift from Sif Muna
 19842 | D:10     | Identified the Collected Works on Creative Bewitchment
 20425 | Lair:6   | Entered Level 6 of the Lair of Beasts
 21122 | Lair:6   | Reached skill level 10 in Shields
 21304 | Lair:6   | Reached skill level 1 in Short Blades
 21515 | Lair:6   | Identified Utufaow's Guide on Mutagenic Weightlessness (Sif
                  | Muna gifted it to you on level 6 of the Lair of Beasts)
 21515 | Lair:6   | Received a gift from Sif Muna
 21515 | Lair:6   | Reached XP level 15. HP: 80/85 MP: 22/37
 21630 | Lair:6   | Reached skill level 5 in Ice Magic
 22290 | Lair:6   | HP: 4/85 [catoblepas (8)]
 22291 | Lair:6   | Slain by a catoblepas

Skill      XL: |  1  2  3  4  5  6  7  8  9 10 11 12 13 14 15 |
---------------+----------------------------------------------+-----
Conjurations   | 5 6 7 9 10 11 12 13 15 16 17 | 17.4
Spellcasting   | 3 4 5 6 9 10 12 13 15 16 17 | 17.2
Dodging        | 3 5 7 8 9 10 11 | 11.1
Stealth        | 2 3 4 |  4.2
Shields        | 1 4 6 7 8 10 | 10.3
Fighting       | 1 2 |  2.2
Fire Magic     | 3 6 8 |  8.8
Ice Magic      | 4 5 |  5.4
Short Blades   | 1 |  1.0

Action                   |  1- 3 |  4- 6 |  7- 9 | 10-12 | 13-15 || total
-------------------------+-------+-------+-------+-------+-------++-------
Melee: Short sword       |       |       |     5 |       |       ||     5
       Dagger            |       |       |       |     4 |    26 ||    30
 Cast: Magic Dart        |    60 |   122 |   155 |   159 |   229 ||   725
       Searing Ray       |     5 |     9 |    45 |    59 |    48 ||   166
       Iskenderun's Myst |     6 |    15 |    46 |    97 |    52 ||   216
       Fireball          |       |       |       |    19 |   169 ||   188
       Bolt of Cold      |       |       |       |       |    50 ||    50
       Bolt of Fire      |       |       |       |       |    12 ||    12
       Bolt of Magma     |       |       |       |       |     1 ||     1
       Mephitic Cloud    |       |       |       |       |     1 ||     1
  Use: Scroll            |     3 |     4 |     7 |     5 |     5 ||    24
       Potion            |       |       |       |     4 |     5 ||     9
  Eat: Chunk             |     1 |     5 |     8 |     8 |    15 ||    37
       Ration            |       |       |     1 |     4 |     3 ||     8
Armor: Skin              |     2 |     6 |    17 |    30 |    48 ||   103
Dodge: Dodged            |    11 |    36 |    70 |   119 |   196 ||   432
Block: Other             |     3 |    10 |    15 |       |       ||    28
       Buckler           |       |       |    26 |   138 |   263 ||   427
